 Dungeon Crawl Stone Soup version 0.24.0-13-gcf9b319 (webtiles) character file.

Game seed: 9512790526994116758, levelgen mode: deterministic

277 Bronimir the Caller (level 6, -8/35 HPs)
             Began as a Tengu Summoner on Mar 3, 2020.
             Mangled by a hornet (10 damage)
             ... on level 4 of the Dungeon.
             The game lasted 00:11:42 (2979 turns).

Bronimir the Caller (Tengu Summoner)                Turns: 2979, Time: 00:11:43

Health: -8/35      AC:  5    Str: 10    XL:     6   Next: 26%
Magic:  1/10       EV: 13    Int: 16    God:
Gold:   129        SH:  0    Dex: 14    Spells: 1/10 levels left

rFire    . . .     SeeInvis .   a - +2 dagger (drain)
rCold    . . .     Gourm    .   (no shield)
rNeg     . . .     Faith    .   g - +0 leather armour
rPois    +         Spirit   .   d - +2 hat
rElec    .         Reflect  .   (no cloak)
rCorr    .         Harm     .   (no gloves)
MR       .....                  (boots unavailable)
Stlth    ++........             (no amulet)
HPRegen  0.11/turn              j - ring of poison resistance
MPRegen  0.12/turn              u - ring of wizardry

@: very slightly contaminated
A: beak, talons 3, able to fly
a: Fly


You were on level 4 of the Dungeon.
You were not hungry.

You visited 1 branch of the dungeon, and saw 4 of its levels.

You collected 129 gold pieces.

Inventory:

Hand Weapons
 a - a +2 dagger of draining (weapon)
 m - a cursed -3 whip
 o - a +0 hand axe
 q - a +0 vampiric dagger
Missiles
 b - 90 stones
 h - 16 poisoned darts (quivered)
 v - 18 arrows
Armour
 d - a +2 hat (worn)
 g - a +0 leather armour (worn)
 l - a +0 robe
 y - a +0 ring mail
Jewellery
 j - a ring of poison resistance (left hand)
 u - a ring of wizardry (right hand)
 D - a cursed -3 ring of strength {unknown}
Scrolls
 e - 4 scrolls of identify {unknown}
 f - 2 scrolls of blinking {unknown}
 n - 2 scrolls of fear {unknown}
 r - 2 scrolls of teleportation {unknown}
 s - a scroll of fog
 w - a scroll of amnesia {unknown}
 B - a scroll of random uselessness {unknown}
Potions
 i - 4 potions of curing
 k - 3 potions of degeneration {unknown}
 p - 2 potions of resistance {unknown}
 t - 2 potions of mutation {unknown}
 x - a potion of lignification {unknown}
 z - a potion of brilliance {unknown}
 A - 2 potions of magic {unknown}
Comestibles
 c - 5 rations
 C - 5 chunks of flesh


   Skills:
 * Level 2.2 Fighting
 + Level 1.3 Short Blades
 + Level 0.6 Throwing
 * Level 1.8 Armour
 + Level 3.1 Dodging
 - Level 2.0 Stealth
 + Level 0.5 Unarmed Combat
 + Level 2.6 Spellcasting
 * Level 6.6 Summonings


You had one spell level left.
You knew the following spells:

 Your Spells              Type           Power        Failure   Level  Hunger
a - Summon Small Mammal   Summ           ###.         1%          1    #......
b - Call Imp              Summ           ###.....     1%          2    ##.....
c - Call Canine Familiar  Summ           ###.....     1%          3    ###....
d - Sticks to Snakes      Tmut           #.......     16%         2    ##.....
e - Beastly Appendage     Tmut           #.....       11%         1    #......

Your spell library contained the following spells:

 Spells                   Type           Power        Failure   Level  Hunger
 Summon Guardian Golem    Hex/Summ       ##......     9%          3    ###....
 Summon Ice Beast         Ice/Summ       ##......     26%         4    #####..
 Summon Lightning Spire   Summ/Air       ##......     26%         4    #####..
 Spider Form              Tmut/Pois      #.........   30%         3    ###....
 Ice Form                 Ice/Tmut       #.......     67%         4    #####..
 Blade Hands              Tmut           #.........   94%         5    ######.


Dungeon Overview and Level Annotations

Branches:
Dungeon (4/15)
 Temple: D:4-7

Altars:


Innate Abilities, Weirdness & Mutations

You have a beak for a mouth.
You have claws for feet.
You can fly continuously.


Message History

The hornet stings you!
Your hound bites the hornet.
Your ball python bites the hornet.
Your ball python closely misses the hornet.
The hornet stings you!
* * * LOW HITPOINT WARNING * * *
Your hound closely misses the hornet.
Your crimson imp hits the hornet.
Your crimson imp closely misses the hornet.
The hornet stings your ball python.
Your ball python dies!
Your hound misses the hornet.
Your crimson imp misses the hornet.
Your crimson imp barely misses the hornet.
Your crimson imp misses the hornet.
Okay, then.
As you read the scroll labeled RIAMPIDGHIZ, it crumbles to dust.
The scroll dissolves into smoke.
It was a scroll of fog.
The hornet stings you.
* * * LOW HITPOINT WARNING * * *
Your hound bites the hornet but does no damage.
Your crimson imp blinks!
The hornet stings you!
You die...

................# ##
................# #.
#...............# #.
#............>.## ####### ##[
#..............# #####.....####5.
#.......>......# #>...........#h#
...............# #.....5........#
..............§§##5............##
#............##§@yh.............#
###..........###§§5.............#
###.......## ##.§..............
#.##....# #.................
####§####.## #.................
#§§≈.§§§#..####.................
#§≈...≈§#....###................
#≈.....≈#.......)...............
+....)§.+.....................#.


You could see a hornet, a friendly hound and 3 friendly crimson imps.

Vanquished Creatures
  A bullfrog (D:2)
  An orc wizard (D:4)
  Jessica (D:2)
  Natasha (D:2)
  A worker ant (D:4)
  2 adders
  2 oozes (D:1)
  4 worms
  2 dart slugs
  2 leopard geckos (D:2)
  An orc (D:4)
  3 giant cockroaches (D:1)
  9 goblins
  9 hobgoblins
  5 jackals
  2 quokkas
  6 bats
  2 frilled lizards (D:1)
  4 kobolds
  4 rats
62 creatures vanquished.

Vanquished Creatures (collateral kills)
  Natasha (twice) (D:2)
  A worm (D:2)
  3 orcs
  2 bats
  A giant cockroach (D:3)
  4 jackals
  A frilled lizard (D:2)
  A kobold (D:2)
15 creatures vanquished.

Grand Total: 77 creatures vanquished

Notes
Turn   | Place    | Note
-------+----------+-------------------------------------------
     0 | D:1      | Bronimir the Tengu Summoner began the quest for the Orb.
     0 | D:1      | Reached XP level 1. HP: 10/10 MP: 4/4
    48 | D:1      | Reached skill level 5 in Summonings
   273 | D:1      | Reached XP level 2. HP: 14/16 MP: 6/6
   391 | D:1      | Reached skill level 1 in Fighting
   583 | D:1      | Learned a level 2 spell: Call Imp
   728 | D:1      | Reached XP level 3. HP: 19/20 MP: 7/7
   967 | D:1      | Learned a level 3 spell: Call Canine Familiar
  1025 | D:2      | Noticed Natasha
  1028 | D:2      | Noticed a bullfrog
  1029 | D:2      | Noticed Jessica
  1030 | D:2      | Killed Natasha
  1033 | D:2      | Killed a bullfrog
  1033 | D:2      | Reached skill level 1 in Armour
  1033 | D:2      | Reached XP level 4. HP: 22/25 MP: 0/8
  1035 | D:2      | Killed Jessica
  1035 | D:2      | Reached skill level 6 in Summonings
  1035 | D:2      | Gained mutation: You can fly continuously. [Tengu growth]
  1035 | D:2      | Reached XP level 5. HP: 25/29 MP: 1/9
  1281 | D:2      | Noticed Natasha
  1288 | D:2      | Killed Natasha
  1306 | D:2      | Noticed Natasha
  1317 | D:2      | Killed Natasha
  2366 | D:4      | Reached skill level 1 in Short Blades
  2366 | D:4      | Reached XP level 6. HP: 33/35 MP: 0/10
  2393 | D:4      | Noticed a hornet
  2734 | D:4      | Learned a level 2 spell: Sticks to Snakes
  2736 | D:4      | Learned a level 1 spell: Beastly Appendage
  2979 | D:4      | Mangled by a hornet

Levels and vault maps discovered:
D:1:      roderic_crossed_star, layout_basic
D:2:      layout_basic, uniq_jessica, uniq_natasha
D:3:      layout_basic, first_ration, guppyfry_early_lair_pool
D:4:      layout_cave_pods, old_standard_altar, kennysheep_small_square

Skill      XL: |  1  2  3  4  5 |
---------------+----------------+-----
Summonings     | 5 6 |  6.6
Fighting       | 1 2 |  2.2
Armour         | 1 |  1.8
Dodging        | 3 |  3.1
Short Blades   | 1 |  1.3
Throwing       | |  0.6
Stealth        | |  2.0
Unarmed Combat | |  0.5
Spellcasting   | |  2.6

Action                   |  1- 3 |  4- 6 || total
-------------------------+-------+-------++-------
Melee: Unarmed           |    38 |       ||    38
       Kick              |    25 |    24 ||    49
       Peck              |    18 |    12 ||    30
       Dagger            |    76 |    99 ||   175
Throw: Dart              |     6 |       ||     6
 Cast: Summon Small Mamm |     3 |     1 ||     4
       Call Imp          |     4 |    16 ||    20
       Call Canine Famil |     1 |    10 ||    11
       Sticks to Snakes  |       |     1 ||     1
  Use: Scroll            |       |     1 ||     1
 Stab: Sleeping          |     3 |       ||     3
  Eat: Chunk             |       |     6 ||     6
       Ration            |       |     1 ||     1
Armor: Robe              |    49 |     7 ||    56
       Leather armour    |       |    18 ||    18
Dodge: Dodged            |    88 |    84 ||   172
